 Dungeon Crawl Stone Soup version 0.30-a0-250-g41c1d76940 (webtiles) character file.

Game seed: 8325894891901707409

42 Iusername the Trooper (level 3, 0/33 HPs)
             Began as a Minotaur Fighter on Oct 12, 2022.
             Succumbed to an adder's poison
             ... on level 2 of the Dungeon.
             The game lasted 00:01:43 (1120 turns).

Iusername the Trooper (Minotaur Fighter)            Turns: 1120, Time: 00:01:43

Health: 0/33       AC:  7    Str: 22    XL:     3   Next: 35%
Magic:  2/2        EV:  9    Int:  5    God:
Gold:   72         SH:  4    Dex:  9    Spells: 2/2 levels left

rFire   . . .      SeeInvis .    a - +0 war axe
rCold   . . .      Faith    .    c - +0 buckler
rNeg    . . .      Spirit   .    b - +0 scale mail
rPois   .          Reflect  .    (helmet restricted)
rElec   .          Harm     .    (no cloak)
rCorr   .          Rampage  .    (no gloves)
Will    .....                    (no boots)
Stlth   ..........               (no amulet)
HPRegen 0.25/turn                (no ring)
MPRegen 0.08/turn                (no ring)

@: mighty, lethally poisoned (0 -> -1), flying
A: horns 2, retaliatory headbutt
a: no special abilities


You were on level 2 of the Dungeon.
You visited 1 branch of the dungeon, and saw 2 of its levels.

You collected 72 gold pieces.

Inventory:

Hand Weapons
 a - a +0 war axe (weapon)
Armour
 b - a +0 scale mail (worn)
 c - a +0 buckler (worn)
Scrolls
 e - 5 scrolls of identify {unknown}
 f - 2 scrolls of noise {unknown}
 l - a scroll of fog {unknown}
Potions
 g - 2 potions of flight
 h - a potion of resistance {unknown}
 i - a potion of brilliance {unknown}
 j - a potion of mutation {unknown}
 k - 2 potions of haste {unknown}


   Skills:
 + Level 4.1 Fighting
 + Level 3.1 Axes
 + Level 4.1 Armour
 + Level 4.1 Shields


You had 2 spell levels left.
You didn't know any spells.
Your spell library was empty.

Dungeon Overview and Level Annotations

Branches:
Dungeon (2/15)

Altars:

Shops:
D:1 [=*

Annotations:
D:2 Jessica


Innate Abilities, Weirdness & Mutations

You have a pair of horns on your head.
You reflexively headbutt those who attack you in melee.


Message History

You furiously retaliate!
You headbutt the adder.
Jessica casts a spell.
Jessica blinks!
There are monsters nearby!
There are monsters nearby!
You closely miss the adder.
The adder is moderately wounded.
Jessica casts a spell at you. Pain shoots through your body!
The adder bites you but does no damage.
Jessica gestures wildly while chanting.
Jessica blinks!
The adder closely misses you.
You are too injured to fight recklessly!
You feel very mighty all of a sudden. The adder bites you but does no damage.
You miss the adder.
The adder is moderately wounded.
The adder closely misses you. The adder bites you but does no damage.
You hit the adder.
The adder is severely wounded.
The adder misses you. The adder bites you.
You are poisoned.
The adder poisons you!
You closely miss the adder.
The adder is severely wounded.
You feel sick. You block the adder's attack. The adder bites you.
You slash the adder!
You kill the adder!
You barely miss Jessica.
You feel sick. Jessica closely misses you.
Jessica shouts, "You're disturbing me!
I'll have to kill you!" You block Jessica's attack.
You hit Jessica. Your headbutt misses Jessica.
Jessica is severely wounded.
You feel sick. Jessica hits you but does no damage.
Jessica points at you and mumbles some strange words.
Pain shoots through your body!
* * * LOW HITPOINT WARNING * * *
It was a potion of flight.
You feel very buoyant.
You fly up into the air.
You die...

#.# .# #.. #.# ..
##.. #.# .#
...##.##.#
........###
#?#.......#
...###@#.......##
......†@........#
<..#####...<....#.
##..........
#.#########.
#.#########
#..........
######..######..
#.......#
#.####..#


You could see Jessica (fast).

Vanquished Creatures
  An adder (D:2)
  5 bats (D:1)
  An endoplasm (D:1)
  A giant cockroach (D:1)
  2 goblins (D:1)
  2 hobgoblins (D:1)
  3 jackals (D:1)
  2 quokkas (D:1)
  5 ball pythons
  A frilled lizard (D:1)
  4 kobolds (D:1)
  5 rats
32 creatures vanquished.

Vanquished Creatures (others)
  A demonic plant (D:1)
1 creature vanquished.

Grand Total: 33 creatures vanquished

Notes
Turn   | Place    | Note
-------+----------+-------------------------------------------
     0 | D:1      | Iusername the Minotaur Fighter began the quest for the Orb.
     0 | D:1      | Reached XP level 1. HP: 19/19 MP: 0/0
   139 | D:1      | Found a faded altar of an unknown god.
   214 | D:1      | Found Kuenuzif's Jewellery Emporium.
   233 | D:1      | Reached XP level 2. HP: 27/27 MP: 1/1
   260 | D:1      | Found Myhes's Antique Armour Shoppe.
   694 | D:1      | Found Mijir's Assorted Antiques.
   967 | D:1      | Reached XP level 3. HP: 28/33 MP: 2/2
  1109 | D:2      | Noticed Jessica
  1119 | D:2      | HP: 1/33 [Jessica/nerve-wracking pain (8)]
  1120 | D:2      | Succumbed to an adder's poison

Illustrated notes

Levels and vault maps discovered:
D:1:      onia_arrival_pentagram, layout_basic, shapermc_ecumenical_altar_gd,
          serial_shops, nicolae_diamond_shop, shop, nicolae_shop_waterfront
D:2:      layout_basic, basic_altar, uniq_jessica, uniq_terence

Skill      XL: |  1  2 |
---------------+-------+-----
Fighting       | 4 |  4.1
Armour         | 4 |  4.1
Shields        | 4 |  4.1
Axes           | 3 |  3.1

Action                   || total
-------------------------++-------
Melee: War axe           ||    84
       Headbutt          ||     7
  Use: Potion            ||     2
Armor: Scale mail        ||    63
Dodge: Dodged            ||    42
Block: Buckler           ||    20

Table legend: (Time is in decaauts)
 A = Elapsed time spent in this place.
 B = Non-inter-level travel time spent in this place.
 C = Inter-level travel time spent in this place.
 D = Time resting spent in this place.
 E = Time spent auto-exploring this place.
 F = Levels seen in this place.
 G = Mean time per level.
                   A        B        C        D        E       F      G
               +--------+--------+--------+--------+--------+-----+--------+
         Total |   1153 |   1135 |     18 |      0 |    894 |   2 |  576.5 |
       Dungeon |   1153 |   1135 |     18 |      0 |    894 |   2 |  576.5 |
               +--------+--------+--------+--------+--------+-----+--------+

Top non-repeatable levels by time:
     D:1: 1110 daAuts
     D:2: 43 daAuts
